 Dungeon Crawl Stone Soup version 0.16.1-29-g3e760ad (webtiles) character file.

107537 hemol the Warrior (level 16, -11/155 HPs)
             Began as a Minotaur Fighter on June 6, 2015.
             Was the Champion of the Shining One.
             Mangled by a tentacle (20 damage)
             ... attached to a kraken
             ... on level 5 of the Shoals on June 9, 2015.
             The game lasted 02:21:50 (28776 turns).

hemol the Warrior (Minotaur Fighter)               Turns: 28776, Time: 02:22:02

Health: -11/155    AC: 45    Str: 26    XL:     16   Next: 0%
Magic:  22/22      EV: 18    Int:  5    God:    the Shining One [******]
Gold:   1160       SH: 16    Dex: 14    Spells: 0 memorised, 15 levels left

rFire  . . .     SeeInvis .     Z - +6 broad axe of Cleapt {chop, Contam +Inv rPois MR++}
rCold  . . .     Clarity  +     C - +27 Lear's hauberk
rNeg   + + +     SustAb   +     U - +2 buckler
rPois  +         Gourm    .     (helmet restricted)
rElec  .         Spirit   .     p - +3 cloak of Flash {+Fly EV+4}
rCorr  .         Warding  .     (no gloves)
rMut   .         Stasis   .     (no boots)
MR     +++..                    S - amulet of clarity
Stlth  ..........               F - ring of sustain abilities
                                k - +2 ring of strength

@: divine shield, about to teleport, glowing, extremely resistant to hostile
enchantments, extremely unstealthy
A: retaliatory headbutt, horns 2
a: Divine Shield, Cleansing Flame, Summon Divine Warrior, Renounce Religion,
Evoke Invisibility, Evoke Flight


You were on level 5 of the Shoals.
You worshipped the Shining One.
The Shining One was exalted by your worship.
You were not hungry.

You visited 4 branches of the dungeon, and saw 28 of its levels.
You also visited: Bailey and Ice Cave.

You collected 2656 gold pieces.
You spent 1496 gold pieces at shops.

Inventory:

Hand weapons
 z - the +7 hand crossbow "Bacve" {elec, rF+ rC+ Str+4}
   (You bought it in a shop on level 9 of the Dungeon)

   It charges the ammunition it shoots with electricity; occasionally upon a
   hit, such missiles may discharge and cause terrible harm.
   It affects your strength (+4).
   It protects you from fire.
   It protects you from cold.
 J - a +1 great mace of protection
 Z - the +6 broad axe of Cleapt (weapon) {chop, Contam +Inv rPois MR++}
   (You found it on level 4 of the Shoals)

   It inflicts extra damage upon your enemies.
   It protects you from poison.
   It affects your resistance to hostile enchantments.
   It lets you turn invisible.
   It causes magical contamination when unequipped.
Missiles
 E - 33 bolts of flame
 H - 11 bolts
 V - 11 throwing nets (quivered)
Armour
 p - the +3 cloak of Flash (worn) {+Fly EV+4}
   (You found it on level 8 of the Lair of Beasts)

   It affects your evasion (+4).
   It lets you fly.
 C - the +27 Lear's hauberk (worn)
   (You found it on level 7 of the Lair of Beasts)
 U - a +2 buckler (worn)
Jewellery
 i - an uncursed ring of poison resistance {unknown}
 k - a +2 ring of strength (left hand)
 r - an uncursed ring of see invisible
 F - a ring of sustain abilities (right hand)
 L - an uncursed ring of fire
 M - an uncursed amulet of the gourmand
 S - an amulet of clarity (around neck)
Magical devices
 y - a wand of hasting (4)
 N - a wand of disintegration (10)
 Q - a wand of digging (12)
Scrolls
 a - a scroll of fear
 e - a scroll of vulnerability {unknown}
 f - 5 scrolls of teleportation
 g - 4 scrolls of recharging
 m - 7 scrolls of fog
 o - 3 scrolls of enchant armour
 q - a scroll of holy word
 t - 5 scrolls of enchant weapon
 u - 5 scrolls of amnesia {unknown}
 v - 4 scrolls of random uselessness {unknown}
 w - 8 scrolls of remove curse
 G - 3 scrolls of summoning {unknown}
 O - a scroll of blinking {unknown}
 R - 5 scrolls of magic mapping {unknown}
Potions
 b - 3 potions of resistance
 s - 2 potions of haste
 x - 9 potions of curing
 A - 2 potions of mutation
 B - a potion of beneficial mutation
 I - 2 potions of restore abilities
 K - a potion of cure mutation
 T - a potion of might
 Y - a potion of agility
Miscellaneous
 c - a stone of tremors
Comestibles
 d - 12 bread rations
 h - 11 meat rations
 l - 23 fruits
 n - 8 beef jerkies
 P - 12 royal jellies


   Skills:
 - Level 17.3 Fighting
 * Level 3.2(11.4) Axes
 - Level 16.3(16.4) Maces & Flails
 + Level 5.4 Crossbows
 + Level 15.4 Armour
 - Level 9.3 Dodging
 - Level 9.4 Shields
 + Level 7.3 Invocations
 - Level 7.0 Evocations


You had 15 spell levels left.
You didn't know any spells.

Dungeon Overview and Level Annotations

Branches:
Dungeon (11/15)            Temple (0/1) D:5            Lair (8/8) D:8
 Shoals (5/5) Lair:5        Snake (0/5) Lair:4        Slime (0/6) Lair:8
    Orc (4/4) D:11            Elf (0/3) Orc:3

Altars:
Elyvilon
Fedhas
Gozag
Kikubaaqudgha
Makhleb
Qazlal
The Shining One
Beogh
Jiyva

Shops:
D:4 %   D:5 [   D:9 (   Orc:4 (*:[   Shoals:3 (

Annotations:
Lair:1 exclusion: oklob plant


Innate Abilities, Weirdness & Mutations

You reflexively headbutt those who attack you in melee.
You have a pair of horns on your head.


Message History

As you read the scroll of teleportation, it crumbles to dust.
You feel strangely unstable.
The merfolk javelineer throws a javelin.
The javelin hits you but does no damage.
You hear a splash.
The tentacle closely misses you. You furiously retaliate!
You headbutt the tentacle, but do no damage.
The tentacle slaps you!
* * * LOW HITPOINT WARNING * * *
You block the tentacle's attack.
The merfolk avatar chants a haunting song.
You are unaffected.
Drink which item? (? for menu, Esc to quit)
You feel much better. The tentacle barely misses you.
You block the tentacle's attack. The tentacle slaps you!
* * * LOW HITPOINT WARNING * * *
The tentacle slaps you!
* * * LOW HITPOINT WARNING * * *
The tentacle slaps you!!
You die...

.≈≈ ##### ....≈≈
#≈≈≈≈≈#
......##≈≈≈.≈#
.......#≈≈≈≈≈≈
........#)m#m#
.........#wwX≈##≈≈≈
.(........#@w≈≈≈≈≈≈≈
..........#w#≈≈≈#≈$≈
....?....((#≈#≈≈≈≈≈
≈.........≈≈.#≈≈≈≈≈#
≈≈≈≈≈≈..†≈≈≈..######
≈≈≈≈≈≈≈≈≈≈≈≈≈.≈≈≈≈
.≈≈≈≈≈≈≈≈≈≈≈≈≈≈≈≈≈≈
.≈≈≈≈≈≈≈≈≈≈≈≈≈≈≈≈≈≈
...≈≈≈≈≈≈≈≈≈≈≈≈≈≈≈≈


You could see a kraken, a merfolk avatar, a merfolk javelineer and 4 tentacles.

Vanquished Creatures
  A kraken (Shoals:4)
  Gastronok (D:8)
  An orc warlord (Orc:4)
  An ettin (Orc:3)
  A merfolk javelineer (Shoals:4)
  6 merfolk impalers
  Josephine (D:11)
  Harold (Orc:4)
  8 hydras
  2 merfolk avatars
  Erica (Lair:1)
  2 alligator snapping turtles (Shoals:3)
  5 merfolk aquamancers
  6 death yaks (Lair:8)
  An orc high priest (Orc:4)
  Nergalle (D:11)
  Erolcha (D:8)
  5 sea snakes
  5 hill giants
  An ice statue (IceCv)
  Pikel (D:6)
  3 harpies (Shoals:1)
  6 orc knights
  8 griffons
  2 fauns (Shoals:1)
  A necromancer (IceCv)
  2 water nymphs
  4 orc sorcerers (Orc:4)
  5 elephants (Lair:4)
  A cyclops (Shoals:3)
  2 sirens
  3 manticores
  10 black mambas
  A drowned soul (Shoals:1)
  7 komodo dragons
  14 spiny frogs
  2 fire drakes (Lair:3)
  2 polar bears (Lair:6)
  34 merfolk
  3 giant leeches (Lair:8)
  A troll (Orc:4)
  10 freezing wraiths (IceCv)
  2 two-headed ogres
  9 snapping turtles
  A wolf spider simulacrum (IceCv)
  2 basilisks
  30 yaks
  8 water elementals
  29 blink frogs
  4 wraiths (D:11)
  6 hippogriffs
  A vampire mosquito (Lair:8)
  26 wolves
  20 wargs
  18 water moccasins
  33 orc warriors
  3 sky beasts
  5 phantoms
  10 porcupines
  3 slaves (D:6)
  8 ice beasts
  12 centaurs
  9 ogres
  A wasp (D:11)
  2 black bears
  A necrophage (D:11)
  14 crocodiles
  2 big kobolds
  41 giant frogs
  2 alligator simulacra (IceCv)
  A gnoll sergeant (D:9)
  5 killer bees
  3 scorpions
  17 wights
  5 crimson imps
  4 draconian simulacra (IceCv)
  2 goliath beetles (D:8)
  A centaur zombie (D:10)
  3 electric eels
  2 giant frog skeletons
  4 jellies
  35 orc priests
  2 centaur skeletons
  5 troll simulacra (IceCv)
  3 iguanas
  31 orc wizards
  5 hounds
  A spriggan simulacrum (IceCv)
  17 sheep
  A centaur simulacrum (IceCv)
  13 worker ants
  A wolf simulacrum (IceCv)
  Ijyb (D:6)
  A hound skeleton (D:6)
  A hound zombie (D:11)
  4 gnolls (D:9)
  4 naga simulacra (IceCv)
  78 river rats
  An ogre simulacrum (IceCv)
  2 orc zombies (Orc:4)
  2 shadow imps
  21 white imps
  5 worms
  26 adders
  3 giant mites (D:8)
  An adder skeleton (D:8)
  2 adder zombies
  5 giant geckos
  6 oozes
  188 orcs
  2 bat skeletons
  7 giant cockroaches
  26 goblins
  18 hobgoblins
  11 jackals
  25 kobolds
  15 quokkas
  3 ball pythons
  14 bats
  4 giant newts
  A giant spore (D:7)
  12 rats
  A spectral orc (D:11)
  A ballistomycete (D:7)
  2 fungi
  13 plants
  6 tentacles
1148 creatures vanquished.

Vanquished Creatures (collateral kills)
  An orc warrior (Orc:4)
  An ogre (Orc:4)
  A draconian simulacrum (IceCv)
  2 troll simulacra (IceCv)
  A spriggan simulacrum (IceCv)
  3 white imps (IceCv)
9 creatures vanquished.

Vanquished Creatures (others)
  6 drowned souls
  A slave (D:6)
  5 fungi
  20 tentacles
  1533 tentacle segments
  19 toadstools (Lair:1)
1584 creatures vanquished.

Grand Total: 2741 creatures vanquished

Notes
Turn   | Place    | Note
--------------------------------------------------------------
     0 | D:1      | hemol, the Minotaur Fighter, began the quest for the Orb.
     0 | D:1      | Reached XP level 1. HP: 19/19 MP: 1/1
   280 | D:1      | Reached XP level 2. HP: 24/26 MP: 1/1
   499 | D:1      | Reached skill level 4 in Armour
   648 | D:2      | Found a glowing golden altar of the Shining One.
   679 | D:2      | Reached XP level 3. HP: 22/31 MP: 2/2
   692 | D:2      | Became a worshipper of the Shining One
  1242 | D:3      | Reached XP level 4. HP: 39/39 MP: 2/2
  1348 | D:3      | Reached skill level 5 in Maces & Flails
  1350 | D:3      | HP: 1/39 [orc/flail (6)]
  1705 | D:3      | Reached XP level 5. HP: 32/45 MP: 2/2
  1715 | D:3      | Reached skill level 5 in Armour
  2547 | D:4      | Acquired the Shining One's first power
  2568 | D:4      | Reached skill level 6 in Maces & Flails
  2872 | D:4      | Found a blossoming altar of Fedhas.
  2873 | D:4      | Found an ancient bone altar of Kikubaaqudgha.
  2923 | D:4      | Noticed an ogre
  2931 | D:4      | Killed an ogre
  2931 | D:4      | Reached XP level 6. HP: 44/51 MP: 3/3
  3025 | D:4      | Reached skill level 7 in Maces & Flails
  3055 | D:4      | Found Kakh's Food Shop.
  3334 | D:5      | Entered Level 5 of the Dungeon
  3334 | D:5      | Found Shrual's Armour Emporium.
  3385 | D:5      | Found a burning altar of Makhleb.
  3479 | D:5      | Reached XP level 7. HP: 57/57 MP: 3/3
  3484 | D:5      | Reached skill level 8 in Maces & Flails
  3690 | D:5      | Found a white marble altar of Elyvilon.
  3762 | D:5      | Acquired the Shining One's second power
  3781 | D:5      | Reached skill level 9 in Maces & Flails
  3815 | D:5      | Found a stormy altar of Qazlal.
  3848 | D:5      | Found a staircase to the Ecumenical Temple.
  3981 | D:6      | Reached XP level 8. HP: 48/64 MP: 3/3
  4019 | D:6      | Reached skill level 1 in Invocations
  4105 | D:6      | Noticed Ijyb
  4111 | D:6      | Killed Ijyb
  4195 | D:6      | Reached skill level 5 in Fighting
  4379 | D:6      | Noticed Pikel
  4403 | D:6      | Killed Pikel
  4403 | D:6      | Reached skill level 10 in Maces & Flails
  4687 | D:6      | Reached XP level 9. HP: 67/78 MP: 9/9
  5197 | D:7      | Got a crude quarterstaff
  5203 | D:7      | Identified the +5 quarterstaff "Ykahe" {venom, rElec rF+ rC- Str+3 Int-3} (You found it on level 7 of the Dungeon)
  5607 | D:7      | Found an opulent altar of Gozag.
  5697 | D:7      | Reached skill level 11 in Maces & Flails
  5874 | D:7      | Noticed an orc knight
  5881 | D:7      | Reached skill level 5 in Invocations
  5884 | D:7      | Reached XP level 10. HP: 62/91 MP: 8/12
  5898 | D:7      | Killed an orc knight
  5922 | D:7      | Noticed an orc knight
  5939 | D:7      | Killed an orc knight
  6049 | D:7      | Reached skill level 10 in Fighting
  6740 | D:7      | Reached skill level 10 in Armour
  7162 | D:8      | Noticed Erolcha
  7172 | D:8      | Killed Erolcha
  7172 | D:8      | Reached skill level 12 in Maces & Flails
  7172 | D:8      | Reached XP level 11. HP: 75/102 MP: 16/16
  7198 | D:8      | Acquired the Shining One's third power
  7368 | D:8      | Found a staircase to the Lair.
  7370 | D:8      | Noticed Gastronok
  7392 | D:8      | Killed Gastronok
  7392 | D:8      | Reached skill level 1 in Dodging
  7440 | D:8      | Found a runed door.
  7443 | D:8      | Found a runed door.
  7789 | D:8      | Noticed a hill giant
  7798 | D:8      | Killed a hill giant
  8386 | D:9      | Found a flagged portal.
  8401 | Bailey   | Entered a bailey
  8444 | Bailey   | Reached skill level 5 in Shields
  9148 | D:9      | Found Mnulywk's Weapon Shop.
  9354 | D:10     | Entered Level 10 of the Dungeon
  9543 | D:10     | Noticed a hill giant
  9555 | D:10     | Killed a hill giant
  9601 | D:10     | Noticed a hill giant
  9610 | D:10     | Killed a hill giant
 10226 | D:11     | Noticed a hill giant
 10248 | D:11     | Killed a hill giant
 10270 | D:11     | Noticed Josephine
 10282 | D:11     | Killed Josephine
 10282 | D:11     | Reached skill level 13 in Fighting
 10317 | D:11     | Noticed a hill giant
 10335 | D:11     | Killed a hill giant
 10342 | D:11     | Reached XP level 12. HP: 99/115 MP: 16/18
 10548 | D:11     | Noticed Nergalle
 10560 | D:11     | Killed Nergalle
 10576 | D:11     | Acquired the Shining One's fourth power
 10691 | D:11     | Reached skill level 5 in Dodging
 10751 | D:11     | Found a staircase to the Orcish Mines.
 11045 | Orc:1    | Entered Level 1 of the Orcish Mines
 12203 | Orc:3    | Noticed an ettin
 12226 | Orc:3    | Killed an ettin
 12226 | Orc:3    | Reached skill level 14 in Fighting
 12382 | Orc:3    | Found a staircase to the Elven Halls.
 13071 | Lair:1   | Entered Level 1 of the Lair of Beasts
 13190 | Lair:1   | Noticed Erica
 13205 | Lair:1   | Killed Erica
 13634 | Lair:1   | Found a blossoming altar of Fedhas.
 14033 | Lair:2   | Found a frozen archway.
 14088 | IceCv    | Entered an ice cave
 14451 | IceCv    | Found an ancient bone altar of Kikubaaqudgha.
 15237 | Lair:2   | Reached XP level 13. HP: 113/125 MP: 18/18
 16882 | Lair:4   | Found a staircase to the Snake Pit.
 16890 | Lair:4   | Reached skill level 15 in Fighting
 18135 | Lair:5   | Reached skill level 1 in Evocations
 18237 | Lair:5   | Found a staircase to the Shoals.
 19034 | Lair:6   | Reached XP level 14. HP: 86/135 MP: 19/19
 19901 | Lair:7   | Found a white marble altar of Elyvilon.
 20484 | Lair:8   | Entered Level 8 of the Lair of Beasts
 21211 | Lair:8   | Reached skill level 16 in Fighting
 21538 | Lair:8   | Reached skill level 5 in Evocations
 21734 | Lair:8   | Found a viscous altar of Jiyva.
 21734 | Lair:8   | Found a staircase to the Slime Pits.
 21866 | Lair:8   | Reached skill level 15 in Maces & Flails
 21869 | Lair:8   | The Shining One protects you from harm!
 23108 | Orc:4    | Entered Level 4 of the Orcish Mines
 23163 | Orc:4    | Found a roughly hewn altar of Beogh.
 23368 | Orc:4    | Noticed Harold
 23383 | Orc:4    | Killed Harold
 23461 | Orc:4    | Paralysed by an orc sorcerer for 3 turns
 23489 | Orc:4    | Noticed an orc warlord
 23505 | Orc:4    | Paralysed by an orc sorcerer for 6 turns
 23793 | Orc:4    | Reached XP level 15. HP: 128/145 MP: 20/20
 23809 | Orc:4    | Found a roughly hewn altar of Beogh.
 23812 | Orc:4    | Paralysed by an orc sorcerer for 7 turns
 23836 | Orc:4    | Killed an orc warlord
 23859 | Orc:4    | Found Ehimn's Book Emporium.
 24066 | Orc:4    | Found Greets' Antique Armour Emporium.
 24328 | Orc:4    | Found Joudd's General Store.
 24334 | Orc:4    | Bought a potion of mutation for 42 gold pieces
 24334 | Orc:4    | Bought a potion of heal wounds for 85 gold pieces
 24334 | Orc:4    | Bought a scroll of enchant armour for 127 gold pieces
 24343 | Orc:4    | Found Dirusar's Antique Weapon Emporium.
 24985 | D:9      | Bought the +7 hand crossbow "Bacve" {elec, rF+ rC+ Str+4} for 1242 gold pieces
 25284 | Shoals:1 | Entered Level 1 of the Shoals
 25374 | Shoals:1 | Reached skill level 1 in Crossbows
 26349 | Shoals:3 | Found Safeoxuq's Weapon Emporium.
 26764 | Shoals:3 | HP: 5/146 [drowned by a drowned soul[a merfolk avatar] (9)]
 27159 | Shoals:3 | Reached skill level 17 in Fighting
 27159 | Shoals:3 | Reached skill level 15 in Armour
 28019 | Shoals:4 | Noticed a kraken
 28259 | Shoals:4 | Got an ebony broad axe
 28260 | Shoals:4 | Identified the +6 broad axe of Cleapt {chop, Contam +Inv rPois MR++} (You found it on level 4 of the Shoals)
 28375 | Shoals:4 | Reached skill level 1 in Axes
 28375 | Shoals:4 | Reached skill level 5 in Crossbows
 28423 | Shoals:4 | Noticed a kraken
 28435 | Shoals:4 | Killed a kraken
 28716 | Shoals:5 | Entered Level 5 of the Shoals
 28753 | Shoals:5 | Noticed a kraken
 28770 | Shoals:5 | Reached XP level 16. HP: 87/155 MP: 20/22
 28775 | Shoals:5 | HP: 7/155 [tentacle[a kraken] (8)]
 28776 | Shoals:5 | Mangled by a tentacle

Action                   |  1- 3 |  4- 6 |  7- 9 | 10-12 | 13-15 | 16-18 || total
-------------------------+-------+-------+-------+-------+-------+-------++-------
Melee: Flail             |    80 |   157 |   175 |       |       |       ||   412
       Whip              |       |       |   227 |  1520 |   845 |       ||  2592
       Great mace        |       |       |       |     8 |   889 |       ||   897
       Broad axe         |       |       |       |       |    66 |     3 ||    69
 Fire: Hand crossbow     |       |       |       |       |    85 |       ||    85
Throw: Throwing net      |       |       |       |     1 |       |       ||     1
       Javelin           |       |       |       |       |     4 |       ||     4
Invok: Divine Shield     |       |       |     2 |    17 |    11 |       ||    30
       Summon Divine War |       |       |       |     1 |       |       ||     1
 Abil: Evoke Flight      |       |       |       |       |    11 |       ||    11
Evoke: Stone of tremors  |       |       |       |       |     1 |       ||     1
  Use: Potion            |       |     4 |     2 |     2 |     6 |     1 ||    15
       Scroll            |       |     6 |     2 |     7 |    10 |     1 ||    26
 Stab: Distracted        |       |       |       |     1 |       |       ||     1
  Eat: Chunk             |     1 |     7 |     9 |    27 |    44 |       ||    88
       Beef jerky        |       |       |       |     2 |       |       ||     2
       Pizza             |       |       |       |     1 |     2 |       ||     3
